 Dungeon Crawl Stone Soup version 0.18.1-47-g9310371 (webtiles) character file.

175348 spiff the Eclecticist (level 17, -7/112 HPs)
             Began as a Deep Elf Wizard on June 20, 2016.
             Was the Champion of Vehumet.
             Mangled by a wolf spider (22 damage)
             ... on level 4 of the Spider Nest.
             The game lasted 02:43:18 (46275 turns).

spiff the Eclecticist (Deep Elf Wizard)            Turns: 46275, Time: 02:43:19

Health: -7/112     AC: 14    Str: 10    XL:     17   Next: 47%
Magic:  51/51      EV: 21    Int: 28    God:    Vehumet [******]
Gold:   3282       SH:  0    Dex: 19    Spells: 13 memorised, 8 levels left

rFire  + + +     SeeInvis +     A - +9 flail of Laceration {venom, rPois rF++ Int-3}
rCold  . . .     Gourm    .     O - +2 robe of the Prince of Darkness {Dex+3 Stlth+}
rNeg   . . .     Faith    .     (no shield)
rPois  +         Spirit   .     E - +2 hat {SInv}
rElec  +         Dismiss  .     c - +1 cloak of the Moon {+Fly Dex+3}
rCorr  .         Reflect  .     b - +2 pair of gloves
SustAt .         Harm     .     u - +2 pair of boots
MR     ++++.                    m - amulet of regeneration
Stlth  +++.......               I - ring "Yptycs" {rF+ MP+9 Str+2}
                                D - ring of Olaworou {rElec MR+++ Str+4}

@: delayed fireball, repel missiles, incredibly resistant to hostile
enchantments, fairly stealthy
A: no striking features
a: Renounce Religion, Release Delayed Fireball, Evoke Flight


You were on level 4 of the Spider Nest.
You worshipped Vehumet.
Vehumet was exalted by your worship.
You were not hungry.

You visited 5 branches of the dungeon, and saw 30 of its levels.
You also visited: Labyrinth, Ice Cave and Volcano.

You collected 3629 gold pieces.
You spent 347 gold pieces at shops.

Inventory:

Hand Weapons
 A - the +9 flail of Laceration (weapon) {venom, rPois rF++ Int-3}
   (You found it on level 5 of the Lair of Beasts)

   It poisons the flesh of those it strikes.
   It affects your intelligence (-3).
   It greatly protects you from fire.
   It protects you from poison.
Armour
 b - a +2 pair of gloves (worn)
 c - the +1 cloak of the Moon (worn) {+Fly Dex+3}
   (You found it on level 13 of the Dungeon)

   It affects your dexterity (+3).
   It lets you fly.
 d - the +3 buckler of Gozag's Benevolence {-Tele rC+ Int+3}
   (You found it on level 2 of the Spider Nest)

   It affects your intelligence (+3).
   It protects you from cold.
   It prevents most forms of teleportation.
 u - a +2 pair of boots (worn)
 E - a +2 hat of see invisible (worn)
 O - the +2 robe of the Prince of Darkness (worn) {Dex+3 Stlth+}
   (You bought it in a shop on level 15 of the Dungeon)

   It affects your dexterity (+3).
   It makes you more stealthy.
Magical Staves
 x - an uncursed staff of earth
Rods
 N - a +5 iron rod (10/10)
   (You took it off a minotaur in a labyrinth)
Jewellery
 m - an amulet of regeneration (around neck)
 v - an uncursed ring of flight {unknown}
 D - the ring of Olaworou (left hand) {rElec MR+++ Str+4}
   (You found it in an ice cave)

   [ring of strength]

   It affects your strength (+4).
   It insulates you from electricity.
   It affects your resistance to hostile enchantments.
 I - the ring "Yptycs" (right hand) {rF+ MP+9 Str+2}
   (You found it in an ice cave)

   [ring of magical power]

   It affects your strength (+2).
   It protects you from fire.
   It affects your magic capacity (+9).
Wands
 a - a wand of polymorph (9/24)
 k - a wand of paralysis (13/24)
 p - a wand of disintegration (15/24)
 r - a wand of enslavement (14/24)
 y - a wand of confusion (32/48)
 B - a wand of polymorph (7/24)
 G - a wand of iceblast (9/15)
 J - a wand of confusion (7/48)
 P - a wand of lightning (5/15)
 R - a wand of digging (8/24)
Scrolls
 e - a scroll of blinking
 f - 4 scrolls of magic mapping
 g - 2 scrolls of enchant weapon
 l - 3 scrolls of immolation
 n - a scroll of enchant armour
 s - 3 scrolls of identify
 w - 9 scrolls of teleportation
 M - a scroll of fog
 Q - a scroll of fear
 V - 6 scrolls of remove curse
Potions
 h - 9 potions of flight
 i - a potion of magic {unknown}
 j - a potion of curing
 o - 6 potions of heal wounds
 q - 5 potions of brilliance
 t - 2 potions of resistance
 z - a potion of cure mutation
 C - 7 potions of agility
 F - a potion of invisibility
 S - a potion of haste {unknown}
 T - 3 potions of cancellation
 W - 3 potions of berserk rage {unknown}
Comestibles
 H - 11 bread rations


   Skills:
 - Level 14.4 Fighting
 - Level 10.3 Dodging
 - Level 2.4 Stealth
 - Level 19.7 Spellcasting
 + Level 15.4 Conjurations
 - Level 2.0 Charms
   Level 1.1 Summonings
 - Level 1.1 Translocations
 + Level 15.1 Fire Magic
 - Level 1.1 Air Magic


You had 8 spell levels left.
You knew the following spells:

 Your Spells              Type           Power        Failure   Level  Hunger
a - Magic Dart            Conj           ####         0%          1    None
b - Blink                 Tloc           N/A          1%          2    None
c - Repel Missiles        Chrm/Air       #####.       1%          2    None
d - Fireball              Conj/Fire      #######...   1%          5    None
e - Conjure Flame         Conj/Fire      #######.     0%          3    None
f - Fire Storm            Conj/Fire      #######...   75%         9    #######
g - Force Lance           Conj/Tloc      ######..     1%          4    None
h - Delayed Fireball      Conj/Fire      N/A          1%          7    ####...
i - Bolt of Magma         Conj/Fire/Erth ######....   1%          5    None
j - Orb of Destruction    Conj           #######...   1%          7    ####...
p - Freeze                Ice            ####         1%          1    None
q - Mephitic Cloud        Conj/Pois/Air  ######..     1%          3    None
t - Ignite Poison         Fire/Trmt/Pois ######..     1%          3    None


Dungeon Overview and Level Annotations

Branches:
Dungeon (15/15)            Temple (1/1) D:5            Lair (8/8) D:10
 Shoals (0/4) Lair:4       Spider (4/4) Lair:3        Slime (0/6) Lair:7
    Orc (2/2) D:10            Elf (0/3) Orc:2        Vaults (0/5) D:13
 Depths (0/5) D:15

Altars:
Ashenzari
Cheibriados
Dithmenos
Elyvilon
Fedhas
Gozag
Kikubaaqudgha
Makhleb
Nemelex Xobeh
Okawaru
Pakellas
Qazlal
Ru
Sif Muna
Trog
Vehumet
Xom
Yredelemnul
Zin
The Shining One

Shops:
D:8 :   D:12 }   D:14 %   D:15 [   Orc:2 *([:

Annotations:
Lair:2 ice dragon dans vaut


Message History

* * * LOW HITPOINT WARNING * * *
The spark wasp shocks you. You resist.
* * * LOW HITPOINT WARNING * * *
The tarantella bites you but does no damage.
The wolf spider barely misses you. The wolf spider completely misses you.
In your confused state, you trip and fall back down the stairs.
* * * LOW HITPOINT WARNING * * *
You feel sick. The tarantella completely misses you. The wolf spider hits you.
* * * LOW HITPOINT WARNING * * *
The wolf spider misses you. The spark wasp barely misses you.
The emperor scorpion stings you!
* * * LOW HITPOINT WARNING * * *
The emperor scorpion claws you.
* * * LOW HITPOINT WARNING * * *
The emperor scorpion claws you.
* * * LOW HITPOINT WARNING * * *
You're too confused!
Drink which item? (? for menu, Esc to quit)
You feel better. The wolf spider hits you!!
You die...

#...##.### ..#.
#.. ## #.....
....####
.......
....#.#. ... ..
....... .!# ...
#....s .. ...#
.#.....#.#s..#
#^.....ss...^##
#.^s@y....^.
#....##...!...
..... ..^....
...# #..#... .^
..# .. . .#^ .
.^. . ^.


You could see an emperor scorpion, a spark wasp, a wolf spider, 2 orb spiders
and a tarantella.

Vanquished Creatures
  Agnes (Spider:2)
  Louise (D:14)
  Maud (Lair:8)
  6 emperor scorpions
  2 ghost moths
  An orc warlord (Orc:2)
  5 vault guards (D:13)
  A minotaur (Lab)
  3 ice dragons
  The ghost of n0ize the Fighter, a journeyman CeFi of Okawaru (D:12)
  A rakshasa (D:14)
  5 entropy weavers
  6 hydras
  4 catoblepae
  3 centaur warriors
  An ogre mage (D:15)
  14 death yaks
  4 orc high priests (Orc:2)
  A hell knight (D:14)
  3 deep elf knights
  Sonja (D:12)
  A fire crab (Lair:8)
  The ghost of spiff the Nimble, a novice DEWz of Vehumet (D:10)
  An unseen horror (D:13)
  9 hill giants
  A lindwurm (Lair:8)
  3 orc knights (Orc:2)
  12 orb spiders
  4 oklob plants (Lair:5)
  7 ugly things
  A griffon (D:13)
  5 hornets
  6 orc sorcerers
  22 wolf spiders
  A manticore (D:11)
  2 deep elf magi
  A moth of wrath (Spider:4)
  A cyclops (D:14)
  13 elephants
  Joseph (D:7)
  3 torpor snails
  A siren (Lair:4)
  2 ice statues (IceCv)
  2 gargoyles
  5 black mambas
  13 spiny frogs
  12 komodo dragons
  A kobold demonologist (D:13)
  3 yaktaurs
  2 rime drakes
  8 demonic crawlers
  3 efreet
  A queen bee (Spider:2)
  8 trolls
  2 polar bears
  2 tengu conjurers
  41 jumping spiders
  3 two-headed ogres
  5 slime creatures (D:13)
  3 boulder beetles
  13 blink frogs
  A hornet zombie (D:15)
  Sigmund (D:3)
  79 redbacks
  25 tarantellas
  2 vampires
  A yak (shapeshifter) (D:15)
  68 yaks
  2 wraiths
  2 wyverns
  5 shadows
  A spriggan (D:11)
  A steam dragon (Lair:6)
  Eustachio (D:6)
  6 hungry ghosts
  A golden eye (shapeshifter) (D:15)
  6 basilisks
  12 hippogriffs
  5 vampire mosquitoes (D:14)
  Menkaure (D:5)
  4 wargs
  A mottled dragon (D:13)
  A soldier ant (D:13)
  9 swamp worms (Spider:1)
  A soldier ant (shapeshifter) (D:13)
  Edmund (D:6)
  Duvessa (D:6)
  2 hell hounds (Orc:1)
  21 water moccasins
  26 orc warriors
  13 porcupines
  5 sky beasts
  21 ice beasts
  2 black bears
  5 wasps
  15 ogres
  An eye of draining (D:10)
  2 necrophages
  A phantom (D:13)
  19 wolves
  18 crocodiles
  24 centaurs
  21 giant frogs
  2 big kobolds
  Dowan (D:6)
  5 scorpions
  A water moccasin skeleton (D:6)
  10 killer bees (Spider:2)
  8 wights
  5 electric eels
  4 centaur zombies
  8 crimson imps
  15 jellies
  3 quasits
  3 giant frog zombies
  4 giant frog skeletons
  6 hounds
  15 orc priests
  A gnoll shaman (Orc:1)
  6 centaur skeletons
  15 iguanas
  12 orc wizards
  4 hell rats (Lair:4)
  13 worker ants
  31 sheep
  A killer bee zombie (D:6)
  A human simulacrum (D:11)
  A hound skeleton (D:4)
  A howler monkey zombie (D:8)
  A howler monkey skeleton (D:8)
  A worker ant zombie (D:5)
  15 gnolls
  17 adders
  46 river rats
  7 shadow imps
  12 white imps (D:12)
  5 oozes
  3 adder skeletons
  11 worms
  2 dart slugs
  7 giant geckos
  49 orcs
  7 bats
  6 giant cockroaches
  15 goblins
  7 hobgoblins
  9 jackals
  4 quokkas
  2 ball pythons (D:6)
  A giant gecko skeleton (D:7)
  2 giant newts
  A jackal zombie (D:7)
  13 kobolds
  10 rats
  10 bushes
  A butterfly (Lair:8)
  4 fungi
  8 plants
1176 creatures vanquished.

Vanquished Creatures (others)
  A yaktaur (Volcano)
  3 redbacks
  A water moccasin (Lair:3)
  A human simulacrum (D:11)
  A worker ant zombie (D:11)
  A quokka (D:11)
  A bush (Lair:8)
  40 fungi
  70 plants
119 creatures vanquished.

Grand Total: 1295 creatures vanquished

Notes
Turn   | Place    | Note
--------------------------------------------------------------
     0 | D:1      | spiff the Deep Elf Wizard began the quest for the Orb.
     0 | D:1      | Reached XP level 1. HP: 10/10 MP: 7/7
   143 | D:1      | Reached XP level 2. HP: 15/15 MP: 6/9
   173 | D:1      | Learned a level 2 spell: Blink
   462 | D:1      | Reached skill level 5 in Spellcasting
  1048 | D:1      | Reached XP level 3. HP: 17/19 MP: 9/11
  1058 | D:1      | Learned a level 3 spell: Conjure Flame
  1062 | D:1      | Learned a level 3 spell: Mephitic Cloud
  1065 | D:1      | Learned a level 2 spell: Repel Missiles
  1415 | D:2      | Reached skill level 1 in Charms
  1561 | D:2      | Reached XP level 4. HP: 23/24 MP: 13/13
  2104 | D:3      | Found a burning altar of Makhleb.
  2185 | D:3      | Reached skill level 6 in Spellcasting
  2185 | D:3      | Reached skill level 1 in Air Magic
  2185 | D:3      | Reached XP level 5. HP: 28/28 MP: 15/15
  2239 | D:3      | Found a white marble altar of Elyvilon.
  2434 | D:3      | Found an iron altar of Okawaru.
  2710 | D:3      | Noticed Sigmund
  2721 | D:3      | Killed Sigmund
  2721 | D:3      | Reached skill level 7 in Spellcasting
  2721 | D:3      | Reached XP level 6. HP: 27/32 MP: 18/18
  2900 | D:3      | Reached skill level 5 in Conjurations
  3051 | D:4      | Found an ancient bone altar of Kikubaaqudgha.
  3217 | D:4      | Reached skill level 8 in Spellcasting
  3217 | D:4      | Reached XP level 7. HP: 33/36 MP: 12/20
  3655 | D:4      | Found an oddly glowing altar of Pakellas.
  3785 | D:5      | Entered Level 5 of the Dungeon
  3890 | D:5      | Reached skill level 9 in Spellcasting
  3984 | D:5      | Found a staircase to the Ecumenical Temple.
  3998 | Temple   | Entered the Ecumenical Temple
  4055 | Temple   | Became a worshipper of Vehumet
  4081 | D:5      | Reached XP level 8. HP: 20/41 MP: 16/23
  4205 | D:5      | Reached skill level 10 in Spellcasting
  4438 | D:5      | Got a pair of steaming boots
  4450 | D:5      | Identified the +1 pair of boots of Eshrehea {*Confuse rCorr Str+2 Int+5} (You found it on level 5 of the Dungeon)
  4552 | D:5      | Noticed Menkaure
  4606 | D:5      | Learned a level 3 spell: Ignite Poison
  4612 | D:5      | Learned a level 5 spell: Fireball
  4693 | D:5      | Reached skill level 1 in Fire Magic
  4847 | D:5      | Killed Menkaure
  5609 | D:6      | Noticed Duvessa
  5611 | D:6      | Noticed Dowan
  5615 | D:6      | Killed Duvessa
  5615 | D:6      | Killed Dowan
  5678 | D:6      | Noticed Edmund
  5684 | D:6      | Killed Edmund
  5684 | D:6      | Reached XP level 9. HP: 45/45 MP: 24/25
  5740 | D:6      | Noticed Eustachio
  5745 | D:6      | Killed Eustachio
  5865 | D:6      | Found a sacrificial altar of Ru.
  6164 | D:6      | Reached * piety under Vehumet
  6164 | D:6      | Offered knowledge of Flame Tongue by Vehumet.
  6164 | D:6      | Reached skill level 5 in Fire Magic
  6572 | D:6      | Found a glowing silver altar of Zin.
  6572 | D:6      | Found a burning altar of Makhleb.
  6573 | D:6      | Noticed a green death
  6573 | D:6      | Noticed an angel
  6871 | D:7      | Identified a scroll of acquirement
  7571 | D:7      | Reached skill level 11 in Spellcasting
  8015 | D:7      | Noticed Joseph
  8023 | D:7      | Killed Joseph
  8023 | D:7      | Reached skill level 12 in Spellcasting
  8262 | D:7      | Reached ** piety under Vehumet
  8262 | D:7      | Offered knowledge of Freeze by Vehumet.
  8265 | D:7      | Learned a level 1 spell: Freeze
  8568 | D:8      | Reached skill level 13 in Spellcasting
  8982 | D:8      | Reached XP level 10. HP: 51/51 MP: 28/29
  9032 | D:8      | Reached skill level 1 in Fighting
  9149 | D:8      | Found Itaothra's Book Emporium.
  9150 | D:8      | Offered knowledge of Throw Flame by Vehumet.
  9919 | D:9      | Reached *** piety under Vehumet
 10318 | D:9      | Reached skill level 5 in Dodging
 10350 | D:9      | Found a shattered altar of Ashenzari.
 10353 | D:9      | Found a glowing golden altar of the Shining One.
 10356 | D:9      | Found a deep blue altar of Sif Muna.
 10357 | D:9      | Found a shadowy altar of Dithmenos.
 10358 | D:9      | Found a basalt altar of Yredelemnul.
 10358 | D:9      | Found a sparkling altar of Nemelex Xobeh.
 10359 | D:9      | Found a snail-covered altar of Cheibriados.
 10360 | D:9      | Found a bloodstained altar of Trog.
 10437 | D:10     | Entered Level 10 of the Dungeon
 10503 | D:10     | Offered knowledge of Force Lance by Vehumet.
 10528 | D:10     | Learned a level 4 spell: Force Lance
 10665 | D:10     | Found a staircase to the Orcish Mines.
 11039 | D:10     | Noticed spiff's ghost (novice DEWz)
 11045 | D:10     | Killed spiff's ghost
 11262 | D:10     | Found a staircase to the Lair.
 11376 | D:10     | Noticed a hill giant
 11392 | D:10     | Killed a hill giant
 11392 | D:10     | Reached skill level 5 in Fighting
 11637 | Lair:1   | Entered Level 1 of the Lair of Beasts
 11782 | Lair:1   | Reached **** piety under Vehumet
 11782 | Lair:1   | Reached XP level 11. HP: 61/64 MP: 30/30
 12194 | Lair:1   | Offered knowledge of Iskenderun's Mystic Blast by Vehumet.
 12725 | Lair:1   | Reached skill level 10 in Dodging
 14370 | Lair:2   | Noticed an ice dragon
 14899 | Lair:2   | Learned a level 7 spell: Delayed Fireball
 14939 | Lair:3   | Reached XP level 12. HP: 72/72 MP: 31/31
 15009 | Lair:3   | Reached ***** piety under Vehumet
 15009 | Lair:3   | Offered knowledge of Bolt of Magma by Vehumet.
 15016 | Lair:3   | Learned a level 5 spell: Bolt of Magma
 15314 | Lair:3   | Reached skill level 10 in Conjurations
 15980 | Lair:3   | Reached skill level 10 in Fire Magic
 16111 | Lair:3   | Found a hole to the Spider Nest.
 16491 | Lair:4   | Got an iridescent dagger
 16492 | Lair:4   | Identified the +8 dagger of the Extremes {freeze, rN+} (You found it on level 4 of the Lair of Beasts)
 16896 | Lair:4   | Noticed a five-headed hydra
 16933 | Lair:4   | Killed a five-headed hydra
 17298 | Lair:4   | Found a staircase to the Shoals.
 17936 | Lair:5   | Got a smoking flail
 17937 | Lair:5   | Identified the +9 flail of Laceration {venom, rPois rF++ Int-3} (You found it on level 5 of the Lair of Beasts)
 18221 | Lair:5   | Noticed a catoblepas
 18226 | Lair:5   | Killed a catoblepas
 18773 | Lair:5   | Noticed a six-headed hydra
 18778 | Lair:5   | Killed a six-headed hydra
 18778 | Lair:5   | Reached XP level 13. HP: 76/76 MP: 17/32
 19976 | Lair:6   | Got a transparent shield
 19982 | Lair:6   | Identified the +5 shield "Nasiol" {-Tele rElec rN+ Dex+4} (You found it on level 6 of the Lair of Beasts)
 21250 | Lair:7   | Found a staircase to the Slime Pits.
 21803 | Lair:7   | Found a runed door.
 22200 | Lair:8   | Entered Level 8 of the Lair of Beasts
 22208 | Lair:8   | Noticed Maud
 22371 | Lair:8   | Offered knowledge of Fulminant Prism by Vehumet.
 22891 | Lair:8   | Killed Maud
 23660 | Lair:8   | Reached XP level 14. HP: 82/82 MP: 4/33
 26422 | Lair:8   | Identified the Tome of Damage Dealing and Shape Shifting (You found it on level 8 of the Lair of Beasts)
 26503 | Lair:8   | Offered knowledge of Freezing Cloud by Vehumet.
 26503 | Lair:8   | Reached skill level 10 in Fighting
 26705 | Lair:2   | Learned a level 7 spell: Orb of Destruction
 26978 | Orc:1    | Entered Level 1 of the Orcish Mines
 27057 | Orc:1    | Found a dark tunnel.
 27074 | Volcano  | Entered a volcano
 28263 | Orc:2    | Entered Level 2 of the Orcish Mines
 28271 | Orc:2    | Noticed an orc warlord
 28272 | Orc:2    | Reached skill level 14 in Spellcasting
 28395 | Orc:2    | Found a staircase to the Elven Halls.
 28645 | Orc:2    | Killed an orc warlord
 29040 | Orc:2    | Found Soiwuoh's General Store.
 29104 | Orc:2    | Gained mutation: Your spells are a little easier to cast, but a little less powerful. [a neqoxec]
 29332 | Orc:2    | Found Geseg's Antique Armour Shoppe.
 29365 | Orc:2    | Paralysed by an orc sorcerer for 6 turns
 29471 | Orc:2    | Bought a steaming robe for 199 gold pieces
 29481 | Orc:2    | Identified the cursed +0 robe of the Evening {-Cast Int+6 SInv} (You bought it in a shop on level 2 of the Orcish Mines)
 29502 | Orc:2    | Found Ohifeax's Book Shop.
 29556 | Orc:2    | Found Jaromum's Antique Weapon Shoppe.
 29580 | Orc:2    | Reached XP level 15. HP: 94/94 MP: 32/35
 30157 | D:11     | Lost mutation: Your spells are a little easier to cast, but a little less powerful. [potion of cure mutation]
 30468 | D:11     | Reached ****** piety under Vehumet
 30814 | D:11     | Reached skill level 15 in Spellcasting
 31101 | D:12     | Noticed n0ize's ghost (journeyman CeFi)
 31104 | D:12     | Noticed Sonja
 31108 | D:12     | Killed n0ize's ghost
 31108 | D:12     | Offered knowledge of Poison Arrow by Vehumet.
 31108 | D:12     | Killed Sonja
 31135 | D:12     | Found Buril's Gadget Emporium.
 31175 | D:12     | Found a frozen archway.
 31254 | IceCv    | Entered an ice cave
 31755 | IceCv    | Got a wavering jade ring
 31759 | IceCv    | Got a shimmering turquoise ring
 31870 | IceCv    | Identified the ring of Olaworou {rElec MR+++ Str+4} (You found it in an ice cave)
 31872 | IceCv    | Identified the ring "Yptycs" {rF+ MP+9 Str+2} (You found it in an ice cave)
 33354 | D:13     | Reached skill level 16 in Spellcasting
 33483 | D:13     | Offered knowledge of Spellforged Servitor by Vehumet.
 34318 | D:13     | Found a gate to the Vaults.
 34477 | D:13     | Got a translucent cloak
 34488 | D:13     | Identified the +1 cloak of the Moon {+Fly Dex+3} (You found it on level 13 of the Dungeon)
 34700 | D:14     | Found Gayrr's Food Boutique.
 34767 | D:14     | Found a labyrinth entrance.
 34772 | Lab      | Entered a labyrinth
 35332 | Lab      | Identified Hiatz's Catalogue of Fire and Hexes (You found it in a labyrinth)
 35333 | Lab      | Got a bloodstained robe
 35348 | Lab      | Identified the +3 robe of Ciaq {rPois} (You found it in a labyrinth)
 35411 | D:14     | Reached skill level 17 in Spellcasting
 35730 | D:14     | Noticed Louise
 35738 | D:14     | Killed Louise
 36227 | D:15     | Entered Level 15 of the Dungeon
 36605 | D:15     | Reached XP level 16. HP: 103/103 MP: 26/39
 37203 | D:15     | Found a staircase to the Depths.
 37238 | D:15     | Offered knowledge of Conjure Ball Lightning by Vehumet.
 37469 | D:15     | Found a shattered altar of Ashenzari.
 37493 | D:15     | Found Emishid's Antique Armour Boutique.
 37612 | D:15     | Bought a sheer robe for 148 gold pieces
 37622 | D:15     | Identified the +2 robe of the Prince of Darkness {Dex+3 Stlth+} (You bought it in a shop on level 15 of the Dungeon)
 38218 | Spider:1 | Entered Level 1 of the Spider Nest
 38448 | Spider:1 | Reached skill level 18 in Spellcasting
 40538 | Spider:2 | Offered knowledge of Bolt of Cold by Vehumet.
 40796 | Spider:2 | Reached skill level 19 in Spellcasting
 40924 | Spider:2 | Got a warped buckler
 40930 | Spider:2 | Identified the +3 buckler of Gozag's Benevolence {-Tele rC+ Int+3} (You found it on level 2 of the Spider Nest)
 41282 | Spider:2 | Noticed Agnes
 41290 | Spider:2 | Killed Agnes
 42111 | Spider:2 | Reached XP level 17. HP: 112/112 MP: 4/42
 42711 | Spider:3 | Offered knowledge of Fire Storm by Vehumet.
 42711 | Spider:3 | Offered knowledge of Glaciate by Vehumet.
 42711 | Spider:3 | Offered knowledge of Shatter by Vehumet.
 42722 | Spider:3 | Learned a level 9 spell: Fire Storm
 44626 | Spider:4 | Entered Level 4 of the Spider Nest
 44916 | Spider:4 | Reached skill level 15 in Conjurations
 45549 | Spider:3 | Reached skill level 15 in Fire Magic
 46274 | Spider:4 | HP: 4/112 [emperor scorpion (5)]
 46275 | Spider:4 | Mangled by a wolf spider

Skill      XL: |  1  2  3  4  5  6  7  8  9 10 11 12 13 14 15 16 17 |
---------------+----------------------------------------------------+-----
Conjurations   | 2 3 4 5 6 8 9 12 14 15 | 15.4
Spellcasting   | 5 6 7 8 9 10 13 14 17 19 | 19.7
Charms         | 1 2 |  2.0
Air Magic      | 1 |  1.1
Fire Magic     | 4 5 8 11 14 15 | 15.1
Fighting       | 5 7 11 12 14 | 14.4
Dodging        | 8 10 | 10.3
Stealth        | |  2.4
Summonings     | |  1.1
Translocations | |  1.1

Action                   |  1- 3 |  4- 6 |  7- 9 | 10-12 | 13-15 | 16-18 || total
-------------------------+-------+-------+-------+-------+-------+-------++-------
Melee: Short sword       |       |    11 |       |       |       |       ||    11
       Scythe            |       |    16 |    12 |    18 |       |       ||    46
       Dagger            |       |       |       |    19 |       |       ||    19
       Flail             |       |       |       |     5 |    30 |    23 ||    58
 Cast: Magic Dart        |    90 |   122 |   283 |   340 |    66 |     6 ||   907
       Mephitic Cloud    |       |     3 |    40 |    43 |     9 |     3 ||    98
       Conjure Flame     |       |     2 |     7 |    16 |     7 |     2 ||    34
       Repel Missiles    |       |     1 |       |     1 |     2 |       ||     4
       Blink             |       |       |     2 |     4 |     4 |     1 ||    11
       Fireball          |       |       |    19 |   104 |   571 |   293 ||   987
       Ignite Poison     |       |       |    17 |    26 |     9 |     3 ||    55
       Freeze            |       |       |       |   153 |    88 |     6 ||   247
       Force Lance       |       |       |       |    29 |   135 |   184 ||   348
       Bolt of Magma     |       |       |       |     3 |    10 |       ||    13
       Delayed Fireball  |       |       |       |     1 |     4 |     3 ||     8
       Orb of Destructio |       |       |       |       |     6 |    25 ||    31
 Abil: Release Delayed F |       |       |       |       |     4 |     3 ||     7
Evoke: Wand              |       |       |     2 |       |     2 |       ||     4
  Use: Scroll            |     3 |     3 |     8 |     6 |    17 |     3 ||    40
       Potion            |       |       |       |       |     1 |     2 ||     3
 Stab: Confused          |       |       |     1 |     2 |       |       ||     3
       Sleeping          |       |       |       |       |     2 |       ||     2
  Eat: Chunk             |     2 |     4 |    20 |    29 |    44 |    17 ||   116
       Bread ration      |       |       |       |       |     2 |     3 ||     5
       Meat ration       |       |       |       |       |     1 |       ||     1
       Fruit             |       |       |       |       |     1 |       ||     1
       Beef jerky        |       |       |       |       |     1 |       ||     1
       Pizza             |       |       |       |       |       |     2 ||     2
Armor: Robe              |     3 |    18 |    25 |     6 |    11 |   102 ||   165
       Leather armour    |       |       |       |    48 |    35 |       ||    83
Dodge: Dodged            |     8 |    31 |    30 |   162 |   216 |   254 ||   701
       Deflected         |       |       |     1 |     4 |     8 |     1 ||    14
